[Event "ICCopen2016"]
[Site "Internet Chess Club"]
[Date "2016.06.03"]
[Round "5"]
[White "DARKTRUDER"]
[Black "olimpus"]
[Result "0-1"]
[ICCResult "White resigns"]
[WhiteElo "2291"]
[BlackElo "2712"]
[Opening "King's Indian: 6.Be2"]
[ECO "E91"]
[NIC "KI.19"]
[Time "19:43:25"]
[TimeControl "180+0"]

1. d4 g6 2. Nf3 Bg7 3. c4 d6 4. Nc3 Nf6 5. e4 O-O 6. Be2 Bg4 7. O-O Nfd7 8.
Be3 e5 9. d5 a5 10. Nd2 Bxe2 11. Qxe2 Na6 12. f3 f5 13. Rac1 Nac5 14. Nb3 b6
15. Nxc5 bxc5 16. Nb5 f4 17. Bf2 g5 18. g4 fxg3 19. hxg3 Nf6 20. Kg2 h5 21.
Rh1 g4 22. f4 exf4 23. gxf4 Qe7 24. e5 Rae8 25. e6 c6 26. Nc3 Qb7 27. Qd2
Bh6 28. Be3 Qh7 29. Rcg1 Ne4 30. Qd3 Nxc3 31. Qxh7+ Kxh7 32. bxc3 Kg6 33.
Kg3 Rb8 34. Rb1 Bg7 35. Rhf1 Rxb1 36. Rxb1 Bxc3 37. Rb6 Be1+ 38. Kg2 h4 39.
Rxc6 h3+ 40. Kh1 Rb8 41. Rxd6 Rb1 42. Kh2 Rb2+ 43. Kg1 Bg3 44. f5+ Kxf5 45.
Kf1 h2 46. Bg1 h1=Q {White resigns} 0-1

[Event "ICCopen2016"]
[Site "Internet Chess Club"]
[Date "2016.06.03"]
[Round "5"]
[White "vanboy"]
[Black "Hellzito"]
[Result "0-1"]
[ICCResult "White forfeits on time"]
[WhiteElo "2437"]
[BlackElo "1938"]
[Opening "Sicilian: Smith-Morra gambit"]
[ECO "B21"]
[NIC "SI.47"]
[Time "19:43:44"]
[TimeControl "180+0"]

1. e4 c5 2. d4 cxd4 3. c3 Nf6 4. e5 Nd5 5. Nf3 Nc6 6. cxd4 g6 7. Bc4 Nb6 8.
Bb3 Bg7 9. d5 Nxe5 10. Nxe5 Bxe5 11. Bh6 Bxb2 12. Nd2 Bxa1 13. Qxa1 Rg8 14.
O-O d6 15. Re1 Bf5 16. Qd4 Rc8 17. Ne4 Bxe4 18. Qxe4 Qd7 19. h3 f5 20. Qe3
Kf7 21. Qd4 Rc5 22. g4 a5 23. a4 Qc7 24. Qe3 Qd7 25. Qd4 Qc7 26. Kh2 Rc3 27.
Bd1 Qc5 28. Be3 Qxd4 29. Bxd4 Nxd5 30. Bxc3 Nxc3 31. Bb3+ d5 32. Rc1 Rc8 33.
Bxd5+ Kf6 34. Bxb7 Rc7 35. Ba6 Nd5 36. Rd1 e6 37. Bb5 Rc2 38. Kg3 g5 39. Bd3
f4+ 40. Kf3 Rc3 41. Ke4 Nb4 42. Kd4 Rxd3+ 43. Rxd3 Nxd3 44. Kxd3 Ke5 45. Kc4
Ke4 46. Kb5 Kf3 47. Kxa5 Kxf2 48. Kb6 Kg2 49. a5 f3 50. a6 f2 51. a7 f1=Q
52. a8=Q+ Qf3 53. Qc8 Qf2+ 54. Kb7 Qf3+ 55. Kb8 Qb3+ {White forfeits on
time} 0-1

[Event "ICCopen2016"]
[Site "Internet Chess Club"]
[Date "2016.06.03"]
[Round "5"]
[White "D-Fernandez"]
[Black "Joshdaruca"]
[Result "0-1"]
[ICCResult "White resigns"]
[WhiteElo "3010"]
[BlackElo "2725"]
[Opening "Nimzo-Indian: classical variation"]
[ECO "E32"]
[NIC "NI.20"]
[Time "19:42:50"]
[TimeControl "180+0"]

1. d4 Nf6 2. c4 e6 3. Nc3 Bb4 4. Qc2 O-O 5. a3 Bxc3+ 6. Qxc3 d5 7. Bg5 dxc4
8. Qxc4 b6 9. Nf3 Ba6 10. Qa4 h6 11. Bh4 Bb7 12. e3 Nbd7 13. Be2 c5 14. O-O
a6 15. dxc5 Nxc5 16. Qb4 Nce4 17. Rfd1 a5 18. Qe1 Qe7 19. Nd4 g5 20. Bg3 e5
21. Nb3 Nxg3 22. hxg3 Bd5 23. Nd2 Rac8 24. Bd3 e4 25. Bb5 Rc2 26. Nb1 Rxb2
27. Nc3 Be6 28. Rab1 Rxb1 29. Rxb1 Qxa3 30. Bc6 Rc8 31. Nxe4 Nxe4 32. Bxe4
a4 33. Qd1 b5 34. Qh5 Kg7 35. Kh2 Rc4 36. Qf3 b4 37. Bd5 Bxd5 38. Qxd5 Qc3
39. Rd1 a3 40. Qb7 a2 41. Qa7 b3 42. Rd7 Qf6 43. Rb7 a1=Q 44. Rxf7+ Qxf7
{White resigns}
0-1

[Event "ICCopen2016"]
[Site "Internet Chess Club"]
[Date "2016.06.03"]
[Round "5"]
[White "ronj"]
[Black "hipopotamos"]
[Result "0-1"]
[ICCResult "White forfeits on time"]
[WhiteElo "1055"]
[BlackElo "1058"]
[Opening "King's pawn game"]
[ECO "C50"]
[NIC "IG.03"]
[Time "19:44:34"]
[TimeControl "180+0"]

1. e4 e5 2. Nf3 Nc6 3. Bc4 h6 4. Nc3 Nf6 5. d3 Bc5 6. h3 d6 7. Nd5 Nxd5 8.
Bxd5 O-O 9. Bd2 Nd4 10. c3 Nxf3+ 11. Qxf3 Qe7 12. O-O Rb8 13. b4 Bb6 14. Qg3
Qf6 15. Kh1 c6 16. Bb3 Be6 17. c4 c5 18. b5 a6 19. f4 Qg6 20. Qh2 axb5 21.
f5 Qh5 22. fxe6 fxe6 23. Rxf8+ Rxf8 24. cxb5 Qe2 25. Re1 Qxd2 26. Bxe6+ Kh8
27. Rg1 c4 28. Bxc4 Bxg1 29. Qxg1 Qf4 30. a4 b6 31. g3 Qf3+ 32. Kh2 Qe2+ 33.
Kh1 Rf3 34. d4 Qd2 35. Qg2 Qc1+ 36. Kh2 Rc3 37. Bf1 Rc2 38. h4 Rxg2+ 39.
Kxg2 Qd2+ 40. Kg1 Qe1 41. Kg2 Qxe4+ 42. Kh3 Qb1 {White forfeits on time} 0-1

[Event "ICCopen2016"]
[Site "Internet Chess Club"]
[Date "2016.06.03"]
[Round "5"]
[White "Tal-Baron"]
[Black "A4-H5"]
[Result "1-0"]
[ICCResult "Black resigns"]
[WhiteElo "2840"]
[BlackElo "1878"]
[Opening "Sicilian: dragon, 6.Be3"]
[ECO "B72"]
[NIC "SI.16"]
[Time "19:47:51"]
[TimeControl "180+0"]

1. e4 c5 2. Nf3 d6 3. d4 cxd4 4. Nxd4 Nf6 5. Nc3 g6 6. Be3 Bg7 7. h3 O-O 8.
Qd2 Nc6 9. O-O-O Nxd4 10. Bxd4 Be6 11. Kb1 Qc7 12. g4 Rfc8 13. Bg2 Qa5 14.
f4 b5 15. e5 dxe5 16. Bxe5 Rxc3 17. Qxc3 Qxa2+ 18. Kc1 Rc8 19. Qa3 Qc4 20.
Rd2 b4 21. Qxa7 Ne8 22. Bxg7 Nxg7 23. Qxe7 Qa2 24. Rd8+ Rxd8 25. Qxd8+ Ne8
26. Qxe8+ Kg7 27. Qb5 Qa1+ 28. Kd2 Qxb2 29. Qe5+ Qxe5 30. fxe5 h5 31. gxh5
gxh5 32. Ke3 Kh6 33. Kf4 {Black resigns} 1-0

[Event "ICCopen2016"]
[Site "Internet Chess Club"]
[Date "2016.06.03"]
[Round "6"]
[White "discdude"]
[Black "Chess64"]
[Result "0-1"]
[ICCResult "White resigns"]
[WhiteElo "1466"]
[BlackElo "1752"]
[Opening "QGD"]
[ECO "D52"]
[NIC "SL.03"]
[Time "19:55:36"]
[TimeControl "180+0"]

1. d4 d5 2. c4 c6 3. Nf3 Nf6 4. Nc3 e6 5. Bg5 Nbd7 6. e3 Qb6 7. c5 Qc7 8.
Bd3 b6 9. cxb6 axb6 10. Bf4 Bd6 11. Bxd6 Qxd6 12. O-O O-O 13. a3 Ba6 14. b4
Bxd3 15. Qxd3 c5 16. bxc5 bxc5 17. dxc5 Nxc5 18. Qe2 Nce4 19. Nxe4 Nxe4 20.
Rfc1 Rxa3 21. Nd4 h6 22. Rxa3 Qxa3 23. f3 Qxc1+ {White resigns} 0-1

[Event "ICCopen2016"]
[Site "Internet Chess Club"]
[Date "2016.06.03"]
[Round "6"]
[White "fishmaster"]
[Black "NoPrep"]
[Result "0-1"]
[ICCResult "White resigns"]
[WhiteElo "1680"]
[BlackElo "2224"]
[Opening "Sicilian"]
[ECO "B50"]
[NIC "SI.01"]
[Time "19:56:04"]
[TimeControl "180+0"]

1. e4 c5 2. Nf3 d6 3. c3 Nf6 4. h3 Nc6 5. Bd3 e6 6. Bc2 Be7 7. O-O O-O 8. d4
Qc7 9. Re1 cxd4 10. cxd4 e5 11. d5 Nb4 12. Nc3 Nxc2 13. Qxc2 b5 14. a3 Bd7
15. Be3 a5 16. b4 axb4 17. axb4 Rxa1 18. Rxa1 Nxe4 19. Qxe4 Qxc3 20. Rc1 Qb2
21. Rc2 Qb1+ 22. Kh2 g6 23. Rc7 Qxe4 24. Rxd7 Re8 {White resigns} 0-1

[Event "ICCopen2016"]
[Site "Internet Chess Club"]
[Date "2016.06.03"]
[Round "6"]
[White "betterone76"]
[Black "rookfish"]
[Result "1-0"]
[ICCResult "Black resigns"]
[WhiteElo "1495"]
[BlackElo "1079"]
[Opening "Scotch game"]
[ECO "C45"]
[NIC "SO.04"]
[Time "19:55:32"]
[TimeControl "180+0"]

1. e4 e5 2. Nf3 Nc6 3. d4 exd4 4. Nxd4 Nxd4 5. Qxd4 Qf6 6. e5 Qf5 7. Bd3 Qe6
8. O-O c5 9. Qe4 Be7 10. Nc3 b5 11. Nxb5 Rb8 12. Nc7+ Kf8 13. Nxe6+ fxe6 14.
Qf3+ Ke8 15. Qh5+ g6 16. Bxg6+ hxg6 17. Qxh8 {Black resigns} 1-0

[Event "ICCopen2016"]
[Site "Internet Chess Club"]
[Date "2016.06.03"]
[Round "6"]
[White "akibael"]
[Black "jncool68"]
[Result "0-1"]
[ICCResult "White resigns"]
[WhiteElo "2264"]
[BlackElo "2890"]
[Opening "English: symmetrical, Botvinnik system reversed"]
[ECO "A30"]
[NIC "QP.10"]
[Time "19:55:52"]
[TimeControl "180+0"]

1. Nf3 c5 2. c4 Nc6 3. Nc3 e5 4. g3 g6 5. Bg2 Bg7 6. O-O Nge7 7. d3 O-O 8.
a3 d6 9. Rb1 a5 10. Ne1 Be6 11. Nc2 d5 12. cxd5 Nxd5 13. Nxd5 Bxd5 14. b4
axb4 15. axb4 Ba2 16. Ra1 e4 17. bxc5 Bxa1 18. Nxa1 exd3 19. exd3 Bd5 20.
Bh6 Re8 21. Nb3 Bxg2 22. Kxg2 Nd4 23. Be3 Qd5+ {White resigns} 0-1

[Event "ICCopen2016"]
[Site "Internet Chess Club"]
[Date "2016.06.03"]
[Round "6"]
[White "mikeyb"]
[Black "Pitchoun"]
[Result "0-1"]
[ICCResult "White resigns"]
[WhiteElo "2151"]
[BlackElo "2771"]
[Opening "King's Indian: fianchetto, Kavalek (Bronstein) variation"]
[ECO "A04"]
[NIC "KI.74"]
[Time "19:56:12"]
[TimeControl "180+0"]

1. Nf3 g6 2. c4 Bg7 3. Nc3 d6 4. g3 Nf6 5. Bg2 O-O 6. O-O c6 7. d4 Qa5 8.
Bg5 Bg4 9. Qd2 Nbd7 10. Rfd1 b5 11. cxb5 cxb5 12. Nd5 Qd8 13. Ne3 Ne4 14.
Qd3 Bxf3 15. Bxf3 Nxg5 16. Bxa8 Qxa8 17. h4 Nh3+ 18. Kh2 Nxf2 19. Qxb5 Nxd1
20. Rxd1 Qe4 {White resigns} 0-1

[Event "ICCopen2016"]
[Site "Internet Chess Club"]
[Date "2016.06.03"]
[Round "6"]
[White "flinkfinger"]
[Black "RobbieWilliams"]
[Result "0-1"]
[ICCResult "White resigns"]
[WhiteElo "2229"]
[BlackElo "1814"]
[Opening "QGD: Tarrasch, Prague variation, 9.Bg5"]
[ECO "D34"]
[NIC "TD.03"]
[Time "19:55:42"]
[TimeControl "180+0"]

1. Nf3 Nf6 2. c4 e6 3. Nc3 d5 4. d4 c5 5. cxd5 exd5 6. g3 Nc6 7. Bg2 Be7 8.
O-O O-O 9. Bg5 c4 10. Ne5 Be6 11. Nxc6 bxc6 12. e3 Rb8 13. Qc2 h6 14. Bxf6
Bxf6 15. b3 cxb3 16. axb3 Re8 17. Rxa7 Qb6 18. Raa1 Qxb3 19. Rfc1 c5 20.
dxc5 d4 21. exd4 Bxd4 22. c6 Rec8 23. Ra6 Qc4 24. Bf1 Qb4 25. Ne2 Bb6 26.
Nf4 Bb3 27. Qe4 Qxe4 {White resigns} 0-1

[Event "ICCopen2016"]
[Site "Internet Chess Club"]
[Date "2016.06.03"]
[Round "6"]
[White "Mandragora"]
[Black "nikenwidiartto"]
[Result "0-1"]
[ICCResult "White resigns"]
[WhiteElo "1577"]
[BlackElo "1868"]
[Opening "Scandinavian defense"]
[ECO "B01"]
[NIC "SD.03"]
[Time "19:55:52"]
[TimeControl "180+0"]

1. e4 d5 2. exd5 Nf6 3. Nf3 Qxd5 4. d4 Bg4 5. Be2 Nc6 6. c3 O-O-O 7. O-O Qf5
8. Nbd2 e5 9. dxe5 Nxe5 10. Qa4 Kb8 11. Nxe5 Bxe2 12. Nxf7 Bxf1 13. Nxf1 Bc5
14. Be3 Ne4 15. Nxh8 Bxe3 16. Nxe3 Qxf2+ 17. Kh1 Qxe3 18. Nf7 Nf2+ 19. Kg1
Nh3+ {White resigns} 0-1

[Event "ICCopen2016"]
[Site "Internet Chess Club"]
[Date "2016.06.03"]
[Round "6"]
[White "PawnTerminator"]
[Black "Ernie1"]
[Result "1-0"]
[ICCResult "Black resigns"]
[WhiteElo "1664"]
[BlackElo "1238"]
[Opening "Polish: Outflank variation"]
[ECO "A00"]
[NIC "VO.10"]
[Time "19:57:09"]
[TimeControl "180+0"]

1. b4 c6 2. Bb2 d5 3. Nf3 Nf6 4. e3 g6 5. Be2 Bg7 6. O-O Nh5 7. Bxg7 Nxg7 8.
c4 O-O 9. c5 Bg4 10. d4 Bxf3 11. Bxf3 e6 12. Nd2 Nd7 13. Re1 a5 14. a3 axb4
15. axb4 Rxa1 16. Qxa1 Qa8 17. Qb2 Qa6 18. Ra1 Qd3 19. Nf1 f5 20. Be2 Qe4
21. Ng3 {Black resigns} 1-0

[Event "ICCopen2016"]
[Site "Internet Chess Club"]
[Date "2016.06.03"]
[Round "6"]
[White "fatTITAN"]
[Black "fearlessone"]
[Result "0-1"]
[ICCResult "White resigns"]
[WhiteElo "1397"]
[BlackElo "1671"]
[Opening "English opening"]
[ECO "A10"]
[NIC "EO.64"]
[Time "19:55:58"]
[TimeControl "180+0"]

1. c4 d6 2. g3 Nd7 3. Bg2 g6 4. Nc3 Bg7 5. d4 e6 6. Nf3 Ne7 7. O-O O-O 8. e4
a6 9. d5 e5 10. Be3 b6 11. Nd2 h6 12. f4 f5 13. Qc1 fxe4 14. Ndxe4 Nf5 15.
Bd2 Kh7 16. fxe5 Nxe5 17. Nf2 Nxc4 18. Rb1 Ne5 19. Nce4 Bd7 20. g4 Nd4 21.
h3 Ne2+ {White resigns} 0-1

[Event "ICCopen2016"]
[Site "Internet Chess Club"]
[Date "2016.06.03"]
[Round "6"]
[White "tbogin1"]
[Black "Eraser007"]
[Result "0-1"]
[ICCResult "White resigns"]
[WhiteElo "1505"]
[BlackElo "2218"]
[Opening "Robatsch defense"]
[ECO "B06"]
[NIC "KF.05"]
[Time "19:56:20"]
[TimeControl "180+0"]

1. e4 g6 2. d4 Bg7 3. Nc3 c6 4. f4 d5 5. e5 Nh6 6. Nf3 Bg4 7. Be2 O-O 8. O-O
f6 9. h3 Bxf3 10. Bxf3 fxe5 11. fxe5 e6 12. g4 c5 13. dxc5 Nc6 14. Re1 Nf7
15. Bf4 Nfxe5 16. Bxe5 Nxe5 17. Bg2 Qc7 18. Kh1 Qxc5 19. Qe2 Rf2 20. Qd1
Raf8 21. Rf1 Qe3 22. Rxf2 Rxf2 23. Qe1 Qg3 24. Qg1 Nf3 {White resigns} 0-1

[Event "ICCopen2016"]
[Site "Internet Chess Club"]
[Date "2016.06.03"]
[Round "6"]
[White "GodspeedR8"]
[Black "nicetry"]
[Result "1-0"]
[ICCResult "Black resigns"]
[WhiteElo "1760"]
[BlackElo "1217"]
[Opening "French defense"]
[ECO "C00"]
[NIC "FR.01"]
[Time "19:56:40"]
[TimeControl "180+0"]

1. e4 e6 2. Nf3 c6 3. Nc3 d5 4. exd5 cxd5 5. d4 Nf6 6. Bg5 Be7 7. Bb5+ Bd7
8. Bd3 Nc6 9. O-O Rc8 10. Ne2 a6 11. c3 b5 12. Ng3 Na5 13. Bxf6 Bxf6 14. Nh5
Nc4 15. Nxf6+ Qxf6 16. b3 Nd6 17. Ne5 Bc6 18. a4 O-O 19. Qc2 Be8 20. Bxh7+
Kh8 21. Bd3 b4 22. c4 dxc4 23. bxc4 Nf5 24. Bxf5 exf5 25. Qd2 b3 26. Qb4 Bc6
27. Nxc6 Rxc6 28. Qxf8+ Kh7 29. d5 {Black resigns} 1-0

[Event "ICCopen2016"]
[Site "Internet Chess Club"]
[Date "2016.06.03"]
[Round "6"]
[White "CrossShark"]
[Black "fviana"]
[Result "1-0"]
[ICCResult "Black resigns"]
[WhiteElo "2633"]
[BlackElo "2170"]
[Opening "Sicilian: accelerated fianchetto, Gurgenidze variation"]
[ECO "B36"]
[NIC "SI.33"]
[Time "19:56:08"]
[TimeControl "180+0"]

1. e4 c5 2. Nf3 Nc6 3. d4 cxd4 4. Nxd4 g6 5. c4 Nf6 6. Nc3 Nxd4 7. Qxd4 d6
8. Be3 Bg7 9. f3 O-O 10. Qd2 a5 11. Na4 Be6 12. Be2 Nd7 13. Rd1 Qc7 14. b3
Nc5 15. Nc3 f5 16. Nd5 Qd8 17. exf5 gxf5 18. O-O Bf7 19. Bg5 Re8 20. Bd3
Nxd3 21. Qxd3 h6 22. Bh4 {Black resigns} 1-0

[Event "ICCopen2016"]
[Site "Internet Chess Club"]
[Date "2016.06.03"]
[Round "6"]
[White "Rude-Dude"]
[Black "psychopat2016"]
[Result "0-1"]
[ICCResult "White checkmated"]
[WhiteElo "1307"]
[BlackElo "1313"]
[Opening "King's Indian: 4.e4"]
[ECO "E90"]
[NIC "KI.21"]
[Time "19:55:34"]
[TimeControl "180+0"]

1. c4 Nf6 2. Nc3 g6 3. d4 Bg7 4. e4 O-O 5. Nf3 d6 6. Bd3 Bg4 7. O-O c5 8.
Be3 cxd4 9. Bxd4 e5 10. Be3 Nc6 11. h3 Bxf3 12. Qxf3 Nd4 13. Bxd4 exd4 14.
Rac1 dxc3 15. bxc3 Qb6 16. Rb1 Qa5 17. e5 dxe5 18. Rxb7 Qxc3 19. Be2 Qxf3
20. Bxf3 e4 21. Be2 Rfb8 22. Rfb1 Rxb7 23. Rxb7 Rd8 24. c5 Nd5 25. c6 e3 26.
f3 Bd4 27. Bc4 e2+ 28. Kh2 e1=Q 29. Bxd5 Rxd5 30. c7 Qg1+ 31. Kg3 Be5+ 32.
Kh4 Qf2+ 33. Kg4 Qg3# {White checkmated} 0-1

[Event "ICCopen2016"]
[Site "Internet Chess Club"]
[Date "2016.06.03"]
[Round "6"]
[White "pawnloser"]
[Black "Catknight"]
[Result "0-1"]
[ICCResult "White resigns"]
[WhiteElo "1595"]
[BlackElo "1927"]
[Opening "Ruy Lopez: closed (10...c5)"]
[ECO "C96"]
[NIC "RL.23"]
[Time "19:56:02"]
[TimeControl "180+0"]

1. e4 e5 2. Nf3 Nc6 3. Bb5 a6 4. Ba4 Nf6 5. O-O Be7 6. Re1 O-O 7. c3 b5 8.
Bb3 d6 9. h3 Na5 10. Bc2 c5 11. d4 cxd4 12. cxd4 Qc7 13. d5 Bd7 14. Nbd2
Rac8 15. Bb3 Nxb3 16. Qxb3 Ne8 17. Nf1 f5 18. Nxe5 fxe4 19. Nxd7 Qxd7 20.
Rxe4 Nf6 21. Re1 Bd8 22. Ng3 Bb6 23. Be3 Bxe3 24. Rxe3 Qf7 25. Re6 Nd7 26.
Rf1 Nc5 27. Qe3 Nxe6 28. dxe6 Qe7 29. Re1 Rc2 30. Qf3 Rxf3 {White resigns}
0-1

[Event "ICCopen2016"]
[Site "Internet Chess Club"]
[Date "2016.06.03"]
[Round "6"]
[White "Shadowbane"]
[Black "ROWLAND"]
[Result "1/2-1/2"]
[ICCResult "Game drawn by mutual agreement"]
[WhiteElo "1696"]
[BlackElo "1572"]
[Opening "King's pawn game"]
[ECO "C20"]
[NIC "KP.10"]
[Time "19:56:21"]
[TimeControl "180+0"]

1. e4 e5 2. c4 Nf6 3. Nc3 g6 4. g3 Bg7 5. Bg2 O-O 6. Nge2 Nc6 7. O-O d6 8.
h3 Be6 9. d3 Qd7 10. Kh2 Nd4 11. Nxd4 exd4 12. Ne2 c5 13. f4 Qc7 14. a4 b6
15. e5 dxe5 16. Bxa8 Rxa8 17. fxe5 Qxe5 18. Nf4 Bd7 19. Re1 Qd6 20. Qf3 Bc6
21. Qf2 Bb7 22. Bd2 Re8 23. Rxe8+ Nxe8 24. Re1 Nf6 25. Qe2 Qc6 26. Qe7 h5
27. Qe2 Qxa4 28. Qe7 Qc6 29. Qe2 Qa4 30. Qe7 Qc6 31. Qe2
{Game drawn by mutual agreement}
1/2-1/2

[Event "ICCopen2016"]
[Site "Internet Chess Club"]
[Date "2016.06.03"]
[Round "6"]
[White "elshaddai"]
[Black "DDT3000"]
[Result "0-1"]
[ICCResult "White resigns"]
[WhiteElo "1594"]
[BlackElo "1914"]
[Opening "Bishop's opening: Berlin defense"]
[ECO "C24"]
[NIC "IG.04"]
[Time "19:55:56"]
[TimeControl "180+0"]

1. e4 e5 2. Bc4 Nf6 3. d3 Nc6 4. a3 d6 5. h3 Be7 6. Nf3 h6 7. Nc3 O-O 8. Be3
Be6 9. Nd5 Qd7 10. Qd2 Kh7 11. O-O-O a6 12. g4 b5 13. Nxf6+ Bxf6 14. Bxe6
fxe6 15. g5 Be7 16. Nh2 g6 17. gxh6 a5 18. f4 exf4 19. Bxf4 e5 20. Bg5 Nd4
21. Bxe7 Qxe7 22. Rdf1 b4 23. a4 b3 24. c3 Ne6 25. h4 Nf4 26. Nf3 Qd7 27.
Ng5+ Kh8 28. h5 Qxa4 29. Qe3 Qa1+ 30. Kd2 Qxb2+ 31. Ke1 Ng2+ {White resigns}
0-1

[Event "ICCopen2016"]
[Site "Internet Chess Club"]
[Date "2016.06.03"]
[Round "6"]
[White "tonto"]
[Black "Qualm"]
[Result "1-0"]
[ICCResult "Black checkmated"]
[WhiteElo "1494"]
[BlackElo "1698"]
[Opening "Philidor: exchange variation"]
[ECO "C41"]
[NIC "KP.08"]
[Time "19:55:37"]
[TimeControl "180+0"]

1. e4 e5 2. Nf3 d6 3. d4 exd4 4. Nxd4 Nf6 5. Nc3 Be7 6. Bc4 O-O 7. O-O a6 8.
Bb3 b5 9. a3 c5 10. Nf5 Bxf5 11. exf5 c4 12. Ba2 d5 13. Bg5 d4 14. Bxf6 Bxf6
15. Ne4 Nc6 16. Nxf6+ Qxf6 17. b3 Na5 18. bxc4 Nxc4 19. c3 Nb2 20. Qc2 dxc3
21. Rac1 Rac8 22. Qb3 Na4 23. Rfe1 Qxf5 24. Re7 Qg5 25. Rce1 c2 26. Rxf7
Rxf7 27. Qxf7+ Kh8 28. Re8+ Rxe8 29. Qxe8# {Black checkmated} 1-0

[Event "ICCopen2016"]
[Site "Internet Chess Club"]
[Date "2016.06.03"]
[Round "6"]
[White "HuevosDeLeon"]
[Black "blitzmaniac"]
[Result "1-0"]
[ICCResult "Black resigns"]
[WhiteElo "2613"]
[BlackElo "2888"]
[Opening "Queen's pawn, Mason variation, Steinitz counter-gambit"]
[ECO "D00"]
[NIC "QP.08"]
[Time "19:56:06"]
[TimeControl "180+0"]

1. d4 d5 2. Bf4 c5 3. e4 dxe4 4. d5 Nf6 5. Nc3 a6 6. Qe2 g6 7. O-O-O Bg7 8.
Nxe4 Nxe4 9. Qxe4 O-O 10. Be5 Bf5 11. Qe3 Bxe5 12. Qxe5 Nd7 13. Qe3 Qa5 14.
Kb1 c4 15. Bxc4 Rac8 16. Bd3 Bxd3 17. Rxd3 Nc5 18. Rd4 e5 19. Rh4 f5 20. Nf3
Rce8 21. b4 Qa4 22. bxc5 e4 23. Ng5 Rc8 24. Qb3 Qd4 25. d6+ Kg7 26. Ne6+
{Black resigns}
1-0

[Event "ICCopen2016"]
[Site "Internet Chess Club"]
[Date "2016.06.03"]
[Round "6"]
[White "Parsifal"]
[Black "tangent"]
[Result "1-0"]
[ICCResult "Black resigns"]
[WhiteElo "2355"]
[BlackElo "1965"]
[Opening "Ruy Lopez: Archangelsk (counterthrust) variation"]
[ECO "C78"]
[NIC "RL.12"]
[Time "19:56:47"]
[TimeControl "180+0"]

1. e4 e5 2. Nf3 Nc6 3. Bb5 a6 4. Ba4 Nf6 5. O-O b5 6. Bb3 Bb7 7. a4 b4 8. d4
Bd6 9. c3 bxc3 10. bxc3 h6 11. Re1 O-O 12. Nbd2 Re8 13. Nc4 Qe7 14. Nxd6
Qxd6 15. Ba3 Nb4 16. Bxb4 Qb6 17. a5 Qa7 18. Nxe5 d5 19. Qf3 dxe4 20. Bxf7+
Kh8 21. Qf5 Bc8 22. Ng6+ {Black resigns} 1-0

[Event "ICCopen2016"]
[Site "Internet Chess Club"]
[Date "2016.06.03"]
[Round "6"]
[White "Hellzito"]
[Black "Kakarotto"]
[Result "0-1"]
[ICCResult "White resigns"]
[WhiteElo "1937"]
[BlackElo "2655"]
[Opening "Pirc: Byrne variation"]
[ECO "B07"]
[NIC "PU.09"]
[Time "19:56:48"]
[TimeControl "180+0"]

1. e4 d6 2. d4 Nf6 3. Nc3 g6 4. Bg5 Bg7 5. Qd2 c6 6. f4 b5 7. Bd3 b4 8. Nce2
a5 9. Nf3 Qb6 10. O-O O-O 11. Kh1 Bg4 12. e5 Nd5 13. Rae1 f6 14. Bh4 fxe5
15. dxe5 Bxf3 16. Rxf3 dxe5 17. Bc4 e6 18. fxe5 Rxf3 19. gxf3 Nd7 20. f4 Rf8
21. Rf1 Nxe5 22. Bxd5 cxd5 23. Nd4 Nc4 {White resigns} 0-1

[Event "ICCopen2016"]
[Site "Internet Chess Club"]
[Date "2016.06.03"]
[Round "6"]
[White "ErnestoRondon"]
[Black "rovov"]
[Result "0-1"]
[ICCResult "White resigns"]
[WhiteElo "1898"]
[BlackElo "1685"]
[Opening "French defense, Steiner variation"]
[ECO "C00"]
[NIC "FR.01"]
[Time "19:55:33"]
[TimeControl "180+0"]

1. e4 e6 2. c4 d5 3. cxd5 exd5 4. exd5 Nf6 5. Nc3 Nxd5 6. Bc4 Nxc3 7. bxc3
Bd6 8. d4 O-O 9. Nf3 Re8+ 10. Be3 Bf4 11. Qd2 Qe7 12. O-O Bxe3 13. fxe3
Qxe3+ 14. Qxe3 Rxe3 15. Rae1 Rxe1 16. Rxe1 Kf8 17. Ng5 Bf5 18. Nxf7 Nd7 19.
Ne5 Nxe5 20. Rxe5 Bg6 21. Re3 Re8 22. Kf2 Rxe3 23. Kxe3 Bf7 24. Bd3 h6 25.
a3 Ke7 26. g4 Kf6 27. h4 Be6 28. Kf4 g5+ 29. hxg5+ hxg5+ 30. Kf3 Bd5+ 31.
Be4 c6 32. Ke3 Bxe4 33. Kxe4 Ke6 34. c4 b5 35. d5+ cxd5+ 36. cxd5+ Kd6 37.
Kd4 a5 38. Ke4 b4 39. axb4 axb4 40. Kd4 b3 41. Kc3 Kxd5 42. Kxb3 Ke4 43. Kc2
Kf4 44. Kd1 Kxg4 45. Ke1 Kg3 46. Kf1 Kf3 47. Kg1 Kg3 48. Kh1 Kf2 49. Kh2 g4
50. Kh1 Kg3 51. Kg1 Kh3 52. Kh1 g3 {White resigns} 0-1

[Event "ICCopen2016"]
[Site "Internet Chess Club"]
[Date "2016.06.03"]
[Round "6"]
[White "padmanandhini"]
[Black "DukeBishop"]
[Result "0-1"]
[ICCResult "White checkmated"]
[WhiteElo "1393"]
[BlackElo "1587"]
[Opening "Four knights: Italian variation"]
[ECO "C47"]
[NIC "KP.06"]
[Time "19:55:34"]
[TimeControl "180+0"]

1. e4 e5 2. Nf3 Nc6 3. Nc3 Nf6 4. Bc4 Bb4 5. a3 Bxc3 6. dxc3 O-O 7. Bg5 h6
8. Bxf6 Qxf6 9. Bb5 d6 10. Bxc6 bxc6 11. O-O Bg4 12. h3 Bxf3 13. Qxf3 Qxf3
14. gxf3 Rab8 15. Rad1 Rxb2 16. c4 Rxc2 17. Rb1 Rxc4 18. Rb7 f5 19. exf5
Rxf5 20. Rxc7 Rxf3 21. Rxa7 Rxh3 22. Rd7 d5 23. Ra1 Rg4+ 24. Kf1 Rh1+ 25.
Ke2 Rxa1 26. Rd8+ Kh7 27. Rc8 Re4+ 28. Kd2 Ra2+ 29. Kc3 Rxa3+ 30. Kb2 Rf3
31. Rxc6 Re2+ 32. Kc1 Rfxf2 33. Kd1 Ra2 34. Ke1 Rh2 35. Rc2 Ra1+ 36. Rc1
Rxc1# {White checkmated} 0-1

[Event "ICCopen2016"]
[Site "Internet Chess Club"]
[Date "2016.06.03"]
[Round "6"]
[White "kingsac"]
[Black "mathman"]
[Result "0-1"]
[ICCResult "White checkmated"]
[WhiteElo "1887"]
[BlackElo "2355"]
[Opening "Sicilian: Grand Prix attack"]
[ECO "B23"]
[NIC "SI.44"]
[Time "19:55:44"]
[TimeControl "180+0"]

1. e4 c5 2. Nc3 Nc6 3. f4 g6 4. Bb5 Nd4 5. Nf3 Nxb5 6. Nxb5 Bg7 7. c4 Nh6 8.
O-O f5 9. d3 O-O 10. Rb1 Nf7 11. e5 b6 12. b4 d6 13. exd6 exd6 14. Bb2 Bxb2
15. Rxb2 Bb7 16. Re2 Qf6 17. Qe1 Bc6 18. Re6 Qb2 19. Nxd6 Bxf3 20. Rxf3 Qd4+
21. Qe3 Qxe3+ 22. Rfxe3 cxb4 23. Nxf7 Rxf7 24. Re8+ Rxe8 25. Rxe8+ Kg7 26.
d4 Rc7 27. d5 Rxc4 28. d6 Rd4 29. Re7+ Kf6 30. Rxh7 a5 31. d7 a4 32. h4 b3
33. h5 bxa2 34. hxg6 a1=Q+ 35. Kh2 Kxg6 36. Re7 Qf1 37. Re6+ Kh5 38. Rxb6
Qxf4+ 39. g3 Rd2+ 40. Kg1 Qe3+ 41. Kh1 Qe1# {White checkmated} 0-1